AoeStats
← rauni11

African Clearing

510623688Analyzed
4v4 RM · 1d ago on Oct 1, 2026· 53m 3s· 8 players
Game mode
Random Map
Map size
Large (8 player)
Population
200
Speed
Normal
Resources
Standard
Victory
Conquest
Starting age
Dark Age
Ending age
Imperial Age
RankedLock teamsTeams togetherTeam positionsShared explorationLock speedFull tech treeHidden civsTurbo modeCheats
Victory
Defeat
🇫🇷 Aztecs · France
949
+12
🇵🇪 Inca · Peru
940
+12
🇫🇷 Gurjaras · France
904
+14
🇫🇷 Romans · France
870
+15
🇫🇷 Malay · France
897
-14
🇦🇹 Ethiopians · Austria
869
-14
🇫🇷 Lithuanians · France
863
-27
🇪🇸 Bulgarians · Spain
803
-11
rauni11
5:09 Loom
13:05 Feudal Age
18:31 Castle Age
19:12 Crossbowman
19:47 Double-Bit Axe
25:26 Fletching
31:10 Horse Collar
37:52 Imperial Age
36:32 Thumb Ring
37:01 Bow Saw
37:17 Stone Mining
37:18 Gold Mining
38:22 Bodkin Arrow
38:33 Padded Archer Armor
39:39 Chemistry
39:08 Heavy Plow
39:26 Arbalester
41:05 Ballistics
41:42 Bracer
44:35 Conscription
44:47 Padded Archer Armor
49:38 Coinage
51:23 Scale Barding Armor
51:29 Forging
INOX
4:23 Loom
17:24 Feudal Age
22:42 Horse Collar
22:50 Double-Bit Axe
23:45 Wheelbarrow
25:18 Bloodlines
30:35 Castle Age
30:56 Forging
34:33 Husbandry
39:52 Bow Saw
40:46 Husbandry
42:08 Heavy Plow
41:52 Light Cavalry
42:36 Town Watch
45:53 Hand Cart
45:59 Hand Cart
Skibidi Bop
15:51 Feudal Age
15:06 Man-at-Arms
23:40 Fletching
36:14 Castle Age
45:13 Wheelbarrow
44:25 Horse Collar
46:01 Double-Bit Axe
46:07 Crossbowman
47:49 Bodkin Arrow
48:16 Padded Archer Armor
Lord Carras
12:12 Loom
15:19 Feudal Age
23:40 Castle Age
21:37 Fletching
21:39 Horse Collar
21:47 Double-Bit Axe
24:06 Stone Mining
30:52 Wheelbarrow
36:37 Imperial Age
35:33 Forging
35:24 Scale Mail Armor
36:54 Gambesons
37:10 Squires
37:49 Iron Casting
37:29 Chain Mail Armor
37:10 Bodkin Arrow
37:55 Light Cavalry
38:48 Bloodlines
38:39 Husbandry
44:44 Blast Furnace
44:15 Plate Mail Armor
ColCol le Grand
4:47 Loom
15:27 Feudal Age
16:16 Double-Bit Axe
17:28 Town Watch
17:06 Man-at-Arms
19:10 Scale Mail Armor
24:06 Gold Mining
24:07 Stone Mining
26:54 Castle Age
26:24 Forging
26:05 Fletching
28:01 Bodkin Arrow
27:29 Elite Skirmisher
28:12 Squires
28:14 Long Swordsman
29:32 Bow Saw
29:46 Horse Collar
32:28 Wheelbarrow
36:41 Hand Cart
36:33 Heavy Plow
38:40 Chain Mail Armor
39:00 Iron Casting
38:27 Padded Archer Armor
39:21 Town Patrol
42:49 Gold Shaft Mining
45:45 Imperial Age
47:27 Blast Furnace
45:52 Legionary
45:58 Heavy Scorpion
46:02 Capped Ram
46:52 Ballistas
47:11 Ballistics
46:57 Siege Engineers
48:26 Crop Rotation
49:02 Comitatenses
49:04 Conscription
48:47 Siege Ram
50:55 Chemistry
barbeytus
13:06 Feudal Age
12:00 Loom
13:56 Champi Runner
19:39 Castle Age
19:21 Forging
19:12 Scale Mail Armor
19:07 Double-Bit Axe
19:06 Horse Collar
22:05 Bow Saw
22:00 Heavy Plow
21:34 Champi Warrior
28:15 Iron Casting
29:06 Squires
32:05 Chain Mail Armor
34:52 Gold Mining
35:25 Arson
36:25 Gold Shaft Mining
37:22 Wheelbarrow
36:32 Town Watch
39:42 Imperial Age
41:08 Andean Sling
41:16 Fabric Shields
40:39 Elite Champi Warrior
45:25 Blast Furnace
44:55 Plate Mail Armor
47:52 Conscription
48:24 Crop Rotation
48:12 Hand Cart
47:58 Town Patrol
ColPwin
12:18 Loom
15:30 Feudal Age
17:33 Bloodlines
17:44 Double-Bit Axe
20:03 Wheelbarrow
27:38 Castle Age
26:41 Forging
26:44 Scale Barding Armor
28:05 Horse Collar
28:39 Bow Saw
30:53 Hand Cart
33:18 Heavy Plow
37:10 Imperial Age
38:27 Conscription
38:07 Gold Mining
39:36 Crop Rotation
40:55 Iron Casting
40:23 Scale Mail Armor
42:16 Gold Shaft Mining
41:30 Heavy Camel Rider
42:22 Light Cavalry
44:03 Husbandry
43:36 Elite Chakram Thrower
45:15 Hussar
46:30 Chain Barding Armor
46:47 Caravan
49:13 Kshatriyas
50:25 Arson
50:59 Chain Mail Armor
51:23 Plate Barding Armor
51:04 Chain Mail Armor
Gérard Carpentier
14:44 Feudal Age
20:21 Castle Age
23:43 Double-Bit Axe
27:03 Scale Mail Armor
27:13 Forging
28:31 Chain Mail Armor
29:08 Fishing Lines
31:35 Bow Saw
31:07 Horse Collar
32:31 Gillnets
32:35 Gold Mining
32:36 Stone Mining
33:49 Iron Casting
35:47 Wheelbarrow
37:10 Hand Cart
37:49 Loom
40:20 Heavy Plow
40:57 Gold Shaft Mining
40:58 Stone Shaft Mining
45:08 Imperial Age
42:52 Caravan
43:23 Coinage
46:39 Garland Wars
45:48 Elite Jaguar Warrior
46:05 Capped Ram
49:20 Blast Furnace
48:51 Plate Mail Armor
47:59 Siege Ram
Connection lost

Rejoining the realm…

Still unreachable

The connection could not be restored.

Session expired

The server has moved on; the page needs a fresh start.